cohdb
Replays
Latest Replays
All Replays
Popular Replays
Top Player Replays
Match Explorer
How It Works
Community
CoH3 Stats
Reddit
Sign in to upload your games and track your stats! →
Sign in with Steam
Match 42324903
Unlisted
Match 42324903
Overview
Messages
Build Orders
End
Selects Airborne Battlegroup
Selects Heavy Machine Gun Paradrop
Heavy Machine Gun Paradrop
Engineer Squad
Construct Weapon Support Center
Bazooka Squad
Heavy Machine Gun Paradrop
Construct Barracks
Selects Paratrooper Squad Paradrop
M1 Mortar Team
AI Takeover
Zorro arrive
SoulFight
Darkshadow
MuniekPL
|-J5D-| MAREK POLSKA
Husar
0
0
Comments
sign in to comment!
No comments posted yet!